Map: Lost and Found LE

Players

Strakh - Winner!

  • Race: Zerg Zerg
  • League: Diamond
  • Spawn Location: 7:00

MamaAfrica

  • Race: Protoss Protoss
  • League: Diamond
  • Spawn Location: 1:00

VOD

Have the link to the VOD?

Description

2 gate proxy and countering it with proxy hatch

Time

  • Played on: Nov. 4, 2018, 12:58 p.m.
  • Length: 7:01
Show
View Real Time Build Order
Export as new Build Order

Strakh Zerg - Winner!

Build Orders: Pool First 

Get SALT Encoding   

  12  0:00  Drone  
  13  0:12  Overlord  
  13  0:17  Drone  
  14  0:33  Drone x2  
  16  0:43  Drone  
  16  0:47  Spawning Pool  
  16  0:56  Drone  
  17  1:20  Hatchery  
  17  1:25  Drone  
  17  1:38  Spine Crawler  
  17  1:39  Spine Crawler  
  15  1:40  Queen  
  15  1:45  Drone  
  18  1:48  Extractor  
  18  1:49  Drone  
  18  1:53  Drone  
  19  2:06  Drone  
  19  2:24  Zergling x2  
  19  2:25  Spine Crawler, Zergling x2  
  20  2:35  Queen  
  20  2:36  Drone  
  22  2:55  Drone x2  
  22  2:57  Spine Crawler  
  23  3:04  Lair  
  23  3:06  Extractor, Drone  
  23  3:07  Drone  
  24  3:17  Spine Crawler  
  23  3:21  Zergling x2  
  24  3:58  Spine Crawler  
  24  3:59  Spine Crawler  
  22  4:06  Spine Crawler  
  21  4:16  Zergling x6  
  24  4:23  Spine Crawler  
  12  4:47  Drone  
  13  5:12  Spine Crawler  
  12  6:21  Spawning Pool  
  11  6:26  Drone  
Show
View Real Time Build Order
Export as new Build Order

MamaAfrica Protoss 

Build Orders:  

Get SALT Encoding   

  12  0:07  Probe  
  13  0:19  Probe  
  14  0:31  Probe  
  15  0:39  Pylon  
  15  0:57  Gateway  
  15  0:59  Gateway  
  15  1:01  Gateway  
  15  1:12  Gateway  
  15  1:21  Pylon  
  15  1:37  Zealot  
  15  1:38  Zealot  
  15  1:46  Zealot  
  21  1:59  Zealot  
  23  2:02  Zealot  
  23  2:04  Zealot  
  27  2:10  Zealot  
  27  2:20  Pylon  
  27  2:31  Zealot  
  29  2:40  Zealot  
  29  2:48  Zealot  
  29  2:49  Zealot  
  31  2:58  Zealot  
  31  3:22  Zealot x2  
  31  3:23  Zealot  
  35  3:36  Zealot  
  27  3:49  Zealot  
  27  3:50  Zealot x2  
  29  3:56  Zealot  
  29  4:16  Zealot  
  25  4:17  Zealot  
  19  4:34  Zealot  
Tags
 
Add a new tag
Caveats
  • Supply blocks, unpowered buildings, or Contaminate may cause inaccurate times.
  • Supply counts are checked every 10 seconds.